 Dungeon Crawl Stone Soup version 0.17.1-1-g73c8601 (webtiles) character file.

8739 abixa the Severer (level 11, -14/100 HPs)
             Began as a Hill Orc Gladiator on Dec 25, 2015.
             Was a Priest of Okawaru.
             Killed from afar by a fire drake (17 damage)
             ... with a blast of flame
             ... on level 2 of the Lair of Beasts.
             The game lasted 00:47:15 (14874 turns).

abixa the Severer (Hill Orc Gladiator)             Turns: 14874, Time: 00:47:16

Health: -14/100    AC:  7    Str: 19    XL:     11   Next: 35%
Magic:  10/12      EV: 17    Int:  8    God:    Okawaru [***...]
Gold:   554        SH:  0    Dex: 18    Spells: 0 memorised, 10 levels left

rFire  . . .     SeeInvis .     J - -2 executioner's axe
rCold  + . .     Clarity  .     l - +0 leather armour (curse)
rNeg   . . .     SustAt   .     (shield currently unavailable)
rPois  .         Gourm    .     c - +1 helmet
rElec  .         Spirit   .     (no cloak)
rCorr  .         Warding  .     (no gloves)
rMut   .         Stasis   .     (no boots)
MR     .....                    (no amulet)
Stlth  +++.......               g - ring of protection from cold
                                m - +4 ring of dexterity

@: heroism, not resistant to hostile enchantments, fairly stealthy
A: no striking features
a: Heroism, Renounce Religion


You were on level 2 of the Lair of Beasts.
You worshipped Okawaru.
Okawaru was most pleased with you.
You were hungry.

You visited 3 branches of the dungeon, and saw 14 of its levels.
You also visited: Sewer.

You collected 554 gold pieces.

Inventory:

Hand Weapons
 a - a +0 war axe
 J - a -2 executioner's axe (weapon)
 S - a +1 antimagic halberd
Missiles
 d - 4 throwing nets
 p - 58 poisoned needles
 r - 7 exploding tomahawks
 t - 7 tomahawks (quivered)
 w - 2 poisoned javelins
 H - 4 silver tomahawks
 L - 2 curare-tipped needles
 Q - 6 needles of slowing
Armour
 c - a +1 helmet (worn)
 l - a cursed +0 leather armour (worn)
 q - a +0 plate armour
Jewellery
 b - an uncursed ring of ice
 g - a ring of protection from cold (right hand)
 h - a +2 ring of strength
 m - a +4 ring of dexterity (left hand)
 U - an uncursed amulet of stasis
Wands
 j - a wand of invisibility (8)
 v - a wand of cold (6)
 C - a wand of polymorph (1)
Scrolls
 i - 5 scrolls of teleportation
 n - a scroll of fog
 o - 2 scrolls of recharging
 y - a scroll of blinking
 G - 2 scrolls of immolation
 R - a scroll of enchant armour
Potions
 f - a potion of brilliance
 k - a potion of heal wounds {unknown}
 s - 3 potions of haste
 u - a potion of agility {unknown}
 x - a potion of poison {unknown}
 z - a potion of might {unknown}
 B - 2 potions of ambrosia
 D - 2 potions of lignification {unknown}
 I - 3 potions of flight
 N - a potion of invisibility {unknown}
 O - 2 potions of resistance
 P - 4 potions of curing
Comestibles
 e - 13 bread rations
 A - 4 beef jerkies
 F - 7 meat rations
 M - a slice of pizza


   Skills:
 + Level 10.2(15.2) Fighting
 - Level 16.0(21.0) Axes
 - Level 1.7(6.7) Throwing
 - Level 9.0(14.0) Armour
 - Level 2.4(7.4) Dodging
 - Level 1.5 Invocations


You had 10 spell levels left.
You didn't know any spells.

Dungeon Overview and Level Annotations

Branches:
Dungeon (10/15)            Temple (1/1) D:6            Lair (3/8) D:9
  Swamp: Lair:3-6    Shoals: Lair:3-6     Snake: Lair:3-6    Spider: Lair:3-6
    Orc: D:9-12

Altars:
Ashenzari
Cheibriados
Dithmenos
Elyvilon
Fedhas
Gozag
Kikubaaqudgha
Makhleb
Nemelex Xobeh
Okawaru
Qazlal
Ru
Sif Muna
Trog
Xom
Yredelemnul
Zin
The Shining One

Annotations:
D:7 exclusion: upstairs
D:8 Prince Ribbit
D:10 Erica


Message History

Unknown command.
You gain the combat prowess of a mighty hero.
You feel slightly more hungry. The fire drake closely misses you.
You closely miss the fire drake. The fire drake bites you.
* * * LOW HITPOINT WARNING * * *
You slice the fire drake!!
The fire drake is severely wounded.
The fire drake breathes flames at you. The blast of flame hits you!
* * * LOW HITPOINT WARNING * * *
You closely miss the fire drake.
The fire drake is severely wounded.
The fire drake bites you but does no damage.
The fire drake breathes flames at you. The blast of flame misses you.
You barely miss the fire drake.
The fire drake is severely wounded.
The fire drake breathes flames at you. The blast of flame hits you!
You die...

#........................
#........................
#........................
#........................
#........................
##........................
#.........................
##........########........
#.......@## #.#.......
##.....k..# ###.......
##........## #.......
#.........# #.......
##........## ##.......
##........# #........
#.......## ##.......
#.......# #)......
##....>..# #.......


You could see a fire drake.

Vanquished Creatures
  A black mamba (Lair:2)
  2 spiny frogs
  2 komodo dragons (Lair:2)
  A tarantella (Lair:2)
  A deep elf mage (D:9)
  9 yaks
  A hippogriff (Lair:2)
  A water moccasin (Lair:1)
  3 wolves (Lair:1)
  An eye of draining (D:6)
  3 phantoms
  A wasp (D:8)
  7 porcupines
  An ice beast (D:8)
  2 ogres (D:7)
  2 orc warriors
  5 sky beasts
  A big kobold (D:5)
  The ghost of PinkishYellow the Grave Robber, an amateur DENe (D:3)
  8 giant frogs
  A wyvern skeleton (D:6)
  A killer bee (D:9)
  10 scorpions
  4 wights (D:6)
  3 crimson imps
  A quasit (D:7)
  A giant frog zombie (D:8)
  4 hounds
  5 jellies
  9 orc wizards
  3 centaur skeletons
  7 worker ants
  2 giant frog skeletons
  3 orc priests
  5 iguanas
  8 gnolls
  17 adders
  A shadow imp (D:6)
  17 oozes (Sewer)
  An adder zombie (D:8)
  An adder skeleton (D:5)
  3 worms
  15 giant geckos
  30 orcs
  19 giant cockroaches
  10 hobgoblins
  12 jackals
  6 kobolds
  5 quokkas
  12 ball pythons (Sewer)
  11 bats
  2 giant gecko skeletons
  A giant gecko zombie (D:6)
  13 giant newts
  4 goblins
  A quokka skeleton (D:4)
  6 rats
  2 fungi (D:5)
309 creatures vanquished.

Vanquished Creatures (others)
  A fungus (Lair:2)
1 creature vanquished.

Grand Total: 310 creatures vanquished

Notes
Turn   | Place    | Note
--------------------------------------------------------------
     0 | D:1      | abixa the Hill Orc Gladiator began the quest for the Orb.
     0 | D:1      | Reached XP level 1. HP: 18/18 MP: 1/1
   114 | D:1      | Reached XP level 2. HP: 20/25 MP: 2/2
   220 | D:1      | Reached skill level 5 in Axes
   473 | D:1      | Reached XP level 3. HP: 24/30 MP: 3/3
  1049 | D:2      | Reached skill level 6 in Axes
  1092 | D:2      | Reached XP level 4. HP: 37/37 MP: 4/4
  1913 | D:3      | Noticed PinkishYellow's ghost (amateur DENe)
  1956 | D:3      | Killed PinkishYellow's ghost
  1956 | D:3      | Reached skill level 7 in Axes
  1956 | D:3      | Reached skill level 1 in Armour
  1956 | D:3      | Reached XP level 5. HP: 17/45 MP: 5/5
  2226 | D:3      | Noticed a phantom
  2268 | D:3      | Killed a phantom
  2268 | D:3      | Reached XP level 6. HP: 50/52 MP: 6/6
  3335 | D:4      | Found a glowing drain.
  3340 | D:4      | Reached skill level 8 in Axes
  3340 | D:4      | Reached XP level 7. HP: 53/60 MP: 7/7
  3370 | Sewer    | Entered a sewer
  3690 | Sewer    | Reached skill level 5 in Fighting
  4248 | D:5      | Entered Level 5 of the Dungeon
  4423 | D:5      | Reached skill level 9 in Axes
  4441 | D:5      | Reached XP level 8. HP: 66/70 MP: 8/8
  4655 | D:5      | Reached skill level 5 in Armour
  5131 | D:5      | Found a deep blue altar of Sif Muna.
  5718 | D:5      | Reached skill level 10 in Axes
  6000 | D:6      | Reached XP level 9. HP: 55/79 MP: 9/9
  6134 | D:6      | Found an iron altar of Okawaru.
  6583 | D:7      | Found an ancient bone altar of Kikubaaqudgha.
  6583 | D:7      | Found a shimmering altar of Xom.
  6793 | D:7      | Reached skill level 11 in Axes
  7297 | D:6      | Became a worshipper of Warmaster Okawaru
  7557 | D:6      | Found a staircase to the Ecumenical Temple.
  7563 | Temple   | Entered the Ecumenical Temple
  7856 | D:6      | Found a bloodstained altar of Trog.
  8478 | D:8      | Noticed Prince Ribbit
  8495 | D:7      | Reached * piety under Okawaru
  8662 | D:7      | Reached skill level 12 in Axes
  9252 | D:8      | Paralysed by a wasp for 3 turns
  9258 | D:8      | Reached XP level 10. HP: 65/91 MP: 10/10
  9381 | D:8      | Found a glowing silver altar of Zin.
 10158 | D:9      | Found a staircase to the Lair.
 10565 | D:9      | Reached skill level 13 in Axes
 10686 | D:9      | Reached ** piety under Okawaru
 11519 | D:10     | Entered Level 10 of the Dungeon
 11553 | D:10     | Noticed Erica
 11684 | Lair:1   | Entered Level 1 of the Lair of Beasts
 12294 | Lair:1   | Reached skill level 10 in Fighting
 12492 | Lair:1   | Reached *** piety under Okawaru
 12492 | Lair:1   | Reached skill level 14 in Axes
 12528 | Lair:1   | Reached skill level 1 in Invocations
 13061 | Lair:2   | Reached XP level 11. HP: 63/99 MP: 12/12
 13272 | Lair:2   | Noticed a black mamba
 13294 | Lair:2   | Killed a black mamba
 13294 | Lair:2   | Reached skill level 15 in Axes
 14730 | Lair:2   | Received a gift from Okawaru
 14730 | Lair:2   | Reached skill level 16 in Axes
 14872 | Lair:2   | HP: 3/100 [fire drake/blast of flame (16)]
 14874 | Lair:2   | Killed from afar by a fire drake

Action                   |  1- 3 |  4- 6 |  7- 9 | 10-12 || total
-------------------------+-------+-------+-------+-------++-------
Melee: War axe           |    77 |   200 |   653 |   287 ||  1217
       Executioner's axe |       |       |       |    52 ||    52
Throw: Stone             |     6 |    28 |       |       ||    34
       Tomahawk          |       |       |       |    11 ||    11
Invok: Heroism           |       |       |       |     1 ||     1
Evoke: Wand              |       |       |     1 |     3 ||     4
  Use: Scroll            |       |       |     3 |    16 ||    19
 Stab: Sleeping          |     2 |     1 |       |       ||     3
  Eat: Chunk             |     1 |     6 |    19 |    16 ||    42
       Pizza             |       |       |     1 |     1 ||     2
